 Dungeon Crawl Stone Soup version 0.24.0-123-gd5b16e6ec5 (webtiles) character file.

Game seed: 18066364452790757460, levelgen mode: deterministic

11276 Mesmaeker13 the Grappler (level 11, 0/111 HPs)
             Began as a Troll Monk on Jan 20, 2020.
             Was a High Priest of Wu Jian.
             Slain by a white ugly thing (24 damage)
             ... on level 10 of the Dungeon.
             The game lasted 00:16:27 (9809 turns).

Mesmaeker13 the Grappler (Troll Monk)               Turns: 9809, Time: 00:16:27

Health: 0/111      AC:  8    Str: 22    XL:     11   Next: 47%
Magic:  15/15      EV: 14    Int:  6    God:    Wu Jian [*****.]
Gold:   167        SH:  0    Dex: 14    Spells: 10/10 levels left

rFire    . . .     SeeInvis .     - Unarmed
rCold    . . .     Gourm    +   (no shield)
rNeg     . . .     Faith    .   a - +0 robe
rPois    .         Spirit   .   (helmet restricted)
rElec    .         Reflect  .   G - +1 cloak {+Inv}
rCorr    .         Harm     .   (gloves unavailable)
MR       .....                  (boots unavailable)
Stlth    ++........             y - amulet of rage
HPRegen  0.68/turn              w - +2 ring of slaying
MPRegen  0.14/turn              (no ring)

@: no status effects
A: large, unfitting armour, claws 3, fast metabolism 3, gourmand, regeneration
1, shaggy fur 1, tough skin 3
a: Wall Jump, Serpent's Lash, Heavenly Storm, Renounce Religion, Evoke Berserk
Rage, Evoke Invisibility


You were on level 10 of the Dungeon.
You worshipped Wu Jian.
Wu Jian was extremely pleased with you.
You were very full.

You visited 2 branches of the dungeon, and saw 12 of its levels.

You collected 607 gold pieces.
You spent 440 gold pieces at shops.

Inventory:

Hand Weapons
 f - a +1 vampiric whip
 s - a +0 giant spiked club
Missiles
 j - 6 javelins
 p - 16 large rocks
 A - 2 throwing nets (quivered)
Armour
 a - a +0 robe (worn)
 e - a scarf of cloud immunity
 G - a +1 cloak of invisibility (worn)
Jewellery
 w - a +2 ring of slaying (left claw)
 y - an amulet of rage (around neck)
Wands
 m - a wand of flame (31)
 E - a wand of enslavement (6)
Scrolls
 d - 2 scrolls of noise
 g - a scroll of fear {unknown}
 h - 6 scrolls of teleportation
 l - a scroll of immolation
 n - 2 scrolls of enchant armour
 o - 6 scrolls of remove curse
 t - a scroll of fog {unknown}
 B - a scroll of enchant weapon
 D - a scroll of magic mapping
Potions
 c - 4 potions of haste
 i - 2 potions of might
 q - 3 potions of magic
 r - 2 potions of cancellation
 u - a potion of flight {unknown}
 v - a potion of degeneration {unknown}
 x - 2 potions of heal wounds {unknown}
 z - a potion of invisibility {unknown}
 C - 5 potions of curing
Miscellaneous
 k - a lamp of fire (inert)
Comestibles
 b - 25 rations


   Skills:
 + Level 8.3 Fighting
 + Level 8.2 Dodging
 - Level 1.0 Stealth
 + Level 9.8 Unarmed Combat
 + Level 6.7 Evocations


You had 10 spell levels left.
You didn't know any spells.
Your spell library contained the following spells:

 Spells                   Type           Power        Failure   Level  Hunger
 Magic Dart               Conj           #...         45%         1    ##.....
 Blink                    Tloc           N/A          58%         2    ###....
 Call Imp                 Summ           #.......     58%         2    ###....
 Slow                     Hex            #.......     58%         2    ###....
 Conjure Flame            Conj/Fire      #.......     83%         3    ####...
 Mephitic Cloud           Conj/Pois/Air  #.......     83%         3    ####...


Dungeon Overview and Level Annotations

Branches:
Dungeon (11/15)            Temple (1/1) D:5            Lair (0/6) D:9
    Orc: D:9-12

Altars:
Ashenzari
Cheibriados
Dithmenos
Elyvilon
Fedhas
Gozag
Hepliaklqana
Kikubaaqudgha
Makhleb
Nemelex Xobeh
Okawaru
Qazlal
Ru
Sif Muna
Trog
Uskayaw
Vehumet
Wu Jian
Xom
Yredelemnul
Zin
The Shining One

Shops:
D:4 :   D:9 }%

Annotations:
D:5 2 transporters


Innate Abilities, Weirdness & Mutations

You are too large for most types of armour.
You have claws for hands.
Your metabolism is lightning-fast.
You like to eat raw meat.
Your natural rate of healing is unusually fast.
You are covered in fur. (AC +1)
You have extremely tough skin. (AC +3)


Message History

There is a stone staircase leading up here.
The white ugly thing barely misses you.
You climb upwards.
There is a stone staircase leading down here.
You closely miss the white ugly thing.
The white ugly thing trunk-slaps you but does no damage.
You closely miss the white ugly thing. The white ugly thing trunk-slaps you!
The white ugly thing freezes you!
You scratch the white ugly thing but do no damage.
The white ugly thing trunk-slaps you. The white ugly thing freezes you!!
You claw the white ugly thing!
The white ugly thing is lightly wounded.
You scratch the white ugly thing but do no damage.
The white ugly thing is lightly wounded.
The white ugly thing trunk-slaps you. The white ugly thing freezes you!!
* * * LOW HITPOINT WARNING * * *
The white ugly thing trunk-slaps you!
* * * LOW HITPOINT WARNING * * *
The white ugly thing freezes you!!
You die...

#.# #.#
##########
#.#.
######.#
#.# #.#.
#......#
#.# #.#.
#.######
#.# #...
#.# #.#
#..# #.#
#.####
#..# #.#
#.>..#
#..# #.#
####u#
#####..#
#.# #@#
#......#
#.# #.#
#.####.#
#.# #.#
#.# #.#
#.# #.#
#.# #.#
#.# #.#
#.# #.#
#.# #.#
#.# #.#
#.# #.#
#.####.#
#.# #.#
#..รท....
#.# #.#
######.#


You could see a white ugly thing.

Vanquished Creatures
  A hydra (D:10)
  2 two-headed ogres (D:7)
  An ugly thing (D:10)
  Maurice (D:8)
  Psyche (D:7)
  A troll (D:10)
  The ghost of jperry the Conjurer, an amateur DrCj (D:5)
  A hippogriff (D:11)
  14 yaks
  3 humans (D:8)
  A porcupine (D:9)
  4 ice beasts
  7 sky beasts
  3 orc warriors
  2 killer bees (D:5)
  3 black bears
  3 phantoms
  A necrophage (D:11)
  8 ogres
  4 centaurs
  4 big kobolds
  3 bullfrogs
  A water moccasin zombie (D:6)
  4 scorpions
  4 wights (D:8)
  A water moccasin skeleton (D:5)
  2 howler monkeys
  A bullfrog zombie (D:10)
  4 crimson imps
  4 hounds
  3 quasits
  A centaur zombie (D:6)
  A jelly (D:7)
  2 orc priests (D:4)
  4 bullfrog skeletons
  5 orc wizards
  An iguana (D:6)
  3 worker ants
  2 hound skeletons
  A howler monkey zombie (D:7)
  A worker ant zombie (D:5)
  10 gnolls
  8 adders
  2 shadow imps
  An ooze (D:3)
  3 adder skeletons
  3 worms (D:2)
  2 dart slugs (D:2)
  9 leopard geckos
  22 orcs
  2 ball pythons (D:1)
  2 bats
  4 giant cockroaches
  10 goblins
  14 hobgoblins
  5 jackals
  4 quokkas
  A ball python skeleton (D:5)
  8 frilled lizards
  A jackal skeleton (D:8)
  47 kobolds
  A leopard gecko skeleton (D:5)
  A quokka zombie (D:5)
  7 rats
  A plant (D:5)
282 creatures vanquished.

Vanquished Creatures (others)
  An ugly thing (D:11)
  A tengu conjurer (D:7)
  A vampire (D:11)
  A scorpion (D:10)
  A killer bee (D:5)
  2 orcs
  A fungus (D:9)
8 creatures vanquished.

Grand Total: 290 creatures vanquished

Notes
Turn   | Place    | Note
-------+----------+-------------------------------------------
     0 | D:1      | Mesmaeker13 the Troll Monk began the quest for the Orb.
     0 | D:1      | Reached XP level 1. HP: 22/22 MP: 0/0
   116 | D:1      | Reached XP level 2. HP: 29/29 MP: 1/1
   551 | D:1      | Reached XP level 3. HP: 36/36 MP: 2/2
  1132 | D:2      | Noticed a centaur
  1140 | D:2      | Killed a centaur
  1140 | D:2      | Reached skill level 4 in Unarmed Combat
  1140 | D:2      | Reached XP level 4. HP: 30/45 MP: 3/3
  1362 | D:2      | Reached XP level 5. HP: 53/53 MP: 4/4
  1590 | D:2      | Found a bloodstained altar of Trog.
  1791 | D:3      | Found a shimmering altar of Xom.
  1791 | D:3      | Found a snail-covered altar of Cheibriados.
  2420 | D:4      | Reached skill level 1 in Evocations
  2430 | D:4      | Reached XP level 6. HP: 60/62 MP: 5/5
  2576 | D:4      | Found Faomod's Book Shop.
  2745 | D:4      | Found an opulent altar of Gozag.
  2756 | D:4      | Found a glowing golden altar of the Shining One.
  2930 | D:4      | Found a sparkling altar of Nemelex Xobeh.
  3005 | D:5      | Entered Level 5 of the Dungeon
  3030 | D:5      | Found a blossoming altar of Fedhas.
  3125 | D:5      | Reached XP level 7. HP: 70/70 MP: 7/7
  3135 | D:5      | Found a transporter.
  3152 | D:5      | Found a transporter.
  3171 | D:5      | Found a runed translucent gate.
  3218 | D:5      | Reached skill level 5 in Unarmed Combat
  3376 | D:5      | Found a runed translucent gate.
  3742 | D:5      | Found a staircase to the Ecumenical Temple.
  3753 | Temple   | Entered the Ecumenical Temple
  4021 | D:5      | Reached XP level 8. HP: 79/79 MP: 7/9
  4064 | D:5      | Found an ancient bone altar of Kikubaaqudgha.
  4068 | D:5      | Found a radiant altar of Vehumet.
  4068 | D:5      | Found a hide-covered altar of Uskayaw.
  4069 | D:5      | Found an ornate altar of the Wu Jian Council.
  4070 | D:5      | Found a white marble altar of Elyvilon.
  4072 | D:5      | Became a worshipper of the Wu Jian Council
  4072 | D:5      | Reached * piety under Wu Jian
  4072 | D:5      | Reached ** piety under Wu Jian
  4076 | D:5      | Found a sacrificial altar of Ru.
  4189 | D:5      | Noticed jperry's ghost (amateur DrCj)
  4192 | D:5      | Found a runed translucent gate.
  4212 | D:5      | Killed jperry's ghost
  4212 | D:5      | Reached skill level 5 in Fighting
  4212 | D:5      | Reached skill level 5 in Dodging
  4212 | D:5      | Reached skill level 6 in Unarmed Combat
  5012 | D:6      | Reached XP level 9. HP: 88/88 MP: 10/10
  5441 | D:7      | Reached skill level 7 in Unarmed Combat
  5782 | D:8      | Noticed Psyche
  5782 | D:8      | Noticed a two-headed ogre
  5791 | D:7      | Killed Psyche
  5951 | D:8      | Noticed a two-headed ogre
  5970 | D:7      | Killed a two-headed ogre
  6170 | D:7      | Reached *** piety under Wu Jian
  6233 | D:7      | Killed a two-headed ogre
  6233 | D:7      | Reached skill level 8 in Unarmed Combat
  6233 | D:7      | Reached skill level 5 in Evocations
  6233 | D:7      | Reached XP level 10. HP: 72/100 MP: 12/12
  6664 | D:7      | Noticed a deep elf archer
  6664 | D:7      | Noticed an orc knight
  7133 | D:8      | Noticed Maurice
  7147 | D:8      | Killed Maurice
  7200 | D:8      | Reached **** piety under Wu Jian
  7773 | D:8      | Reached skill level 9 in Unarmed Combat
  7916 | D:9      | Found Tanwuusi's Gadget Boutique.
  7934 | D:9      | Bought a lamp of fire for 440 gold pieces
  8203 | D:9      | Reached XP level 11. HP: 90/110 MP: 14/14
  8363 | D:9      | Found Zaxilege's Food Emporium.
  8534 | D:9      | Found a staircase to the Lair.
  8576 | D:9      | Reached ***** piety under Wu Jian
  8746 | D:10     | Entered Level 10 of the Dungeon
  8804 | D:10     | Noticed a seven-headed hydra
  8814 | D:10     | Killed an eight-headed hydra
  9027 | D:10     | Noticed a green ugly thing
  9040 | D:10     | Killed a green ugly thing
  9732 | D:11     | Killed a green ugly thing
  9784 | D:11     | Noticed a white ugly thing
  9786 | D:11     | Noticed a brown ugly thing
  9809 | D:10     | Slain by a white ugly thing

Levels and vault maps discovered:
D:1:      kilobyte_arrival_exit_the_forest, layout_loops_corners,
          minmay_statues_item
D:2:      layout_basic, nicolae_overflow_hidden_temple, first_ration
D:3:      layout_basic, chequers_temple_overflow_statue_of_worship,
          minmay_misc_feat_more_columns
D:4:      layout_cave_pools, gammafunk_temple_overflow_statue,
          nemelex_xobeh_ov_fountains_minmay, serial_shops, shop,
          saegor_snake_ambush
D:5:      gammafunk_steamed_eel, layout_basic, minitemple,
          fedhas_ov_isle_minmay, minmay_temple_entry_poolview,
          ebering_ghost_rock_garden, st_stairs_4, hangedman_decor_peaks_small,
          lexackson_kobold_supper
D:6:      layout_rooms
D:7:      minmay_klotski, layout_basic, grunt_ogre_cave
D:8:      corexii_shantytown, layout_basic, minmay_ruffians, uniq_psyche,
          uniq_maurice
D:9:      layout_stronghold, grunt_lair_entry_orc_guard_hut, serial_shops,
          nicolae_shop_crystal, kennysheep_mini
D:10:     layout_loops_ring
D:11:     layout_cross, serial_shops, bzr_firewalk
Temple:   chequers_temple_sunken

Skill      XL: |  1  2  3  4  5  6  7  8  9 10 11 |
---------------+----------------------------------+-----
Fighting       | 3 4 5 6 7 8 |  8.3
Dodging        | 3 4 5 6 7 8 |  8.2
Unarmed Combat | 4 5 6 8 9 |  9.8
Evocations     | 1 2 3 5 6 |  6.7
Stealth        | |  1.0

Action                   |  1- 3 |  4- 6 |  7- 9 | 10-12 || total
-------------------------+-------+-------+-------+-------++-------
Melee: Unarmed           |    63 |   144 |   233 |   385 ||   825
       Punch             |     1 |     2 |     6 |    21 ||    30
Throw: Javelin           |       |     2 |    11 |       ||    13
       Throwing net      |       |       |     1 |     2 ||     3
Invok: Lunge             |       |       |     8 |    17 ||    25
       Whirlwind         |       |       |     1 |     1 ||     2
 Abil: Evoke Berserk Rag |       |       |     4 |       ||     4
Evoke: Wand              |       |     2 |     4 |     7 ||    13
       Lamp of fire      |       |       |       |     1 ||     1
  Use: Scroll            |       |     4 |     4 |     8 ||    16
 Stab: Sleeping          |     3 |     4 |     1 |     1 ||     9
       Distracted        |       |     1 |       |     1 ||     2
       Held in net/web   |       |       |     1 |     1 ||     2
  Eat: Chunk             |    15 |    19 |    27 |    38 ||    99
Armor: Robe              |    21 |    46 |    67 |    74 ||   208
Dodge: Dodged            |    26 |    65 |    94 |   236 ||   421
